 Dungeon Crawl Stone Soup version 0.26-a0-667-g92642533e4 (webtiles) character file.

Game seed: 16617466928621674236

4984 voltaire321 the Spear-Bearer (level 10, -13/80 HPs)
             Began as a Merfolk Gladiator on Oct 17, 2020.
             Was a Believer of the Shining One.
             Mangled by a white ugly thing (32 damage)
             ... on level 8 of the Dungeon.
             The game lasted 00:31:28 (9823 turns).

voltaire321 the Spear-Bearer (Merfolk Gladiator)    Turns: 9823, Time: 00:31:28

Health: -13/80     AC: 18    Str: 15    XL:     10   Next: 54%
Magic:  13/13      EV: 18    Int:  8    God:    the Shining One [**....]
Gold:   585        SH:  0    Dex: 18    Spells: 9/9 levels left

rFire    . . .     SeeInvis .   a - +0 trident
rCold    . . .     Faith    .   (no shield)
rNeg     + . .     Spirit   .   m - +5 ring mail
rPois    .         Reflect  .   c - +0 helmet
rElec    .         Harm     .   z - +0 cloak
rCorr    .         Rampage  .   w - +0 pair of gloves
MR       +....                  v - +0 pair of boots
Stlth    +.........             (no amulet)
HPRegen  0.23/turn              k - +4 ring of protection
MPRegen  0.13/turn              t - ring of protection from magic

@: glowing
A: change form in water, swift swim, stealthy swim
a: Divine Shield, Renounce Religion


You were on level 8 of the Dungeon.
You worshipped the Shining One.
The Shining One was pleased with you.
You visited 2 branches of the dungeon, and saw 10 of its levels.

You collected 585 gold pieces.

Inventory:

Hand Weapons
 a - a +0 trident (weapon)
Missiles
 d - 4 throwing nets
 h - 5 boomerangs (quivered)
 l - 6 javelins
 s - 21 poisoned darts
Armour
 c - a +0 helmet (worn)
 m - a +5 ring mail (worn)
 v - a +0 pair of boots (worn)
 w - a +0 pair of gloves (worn)
 z - a +0 cloak (worn)
Jewellery
 k - a +4 ring of protection (left hand)
 t - a ring of protection from magic (right hand)
 A - a +6 ring of dexterity {unknown}
 B - an uncursed ring of wizardry {unknown}
 E - an uncursed ring of stealth {unknown}
Wands
 n - a wand of flame (16)
Scrolls
 b - a scroll of blinking {unknown}
 f - a scroll of enchant armour
 g - 4 scrolls of remove curse
 j - a scroll of magic mapping
 o - 8 scrolls of identify
 p - 4 scrolls of teleportation
 q - a scroll of random uselessness {unknown}
 u - a scroll of fog {unknown}
 x - a scroll of acquirement {unknown}
 y - 2 scrolls of amnesia {unknown}
Potions
 e - 4 potions of curing
 i - 3 potions of brilliance
 r - 2 potions of lignification
 C - 2 potions of flight {unknown}
 D - a potion of stabbing {unknown}


   Skills:
 + Level 8.2 Fighting
 + Level 11.1 Polearms
 + Level 7.4 Throwing
 + Level 10.1 Dodging
 + Level 5.2 Invocations


You had 9 spell levels left.
You didn't know any spells.
Your spell library contained the following spells:

 Spells                   Type           Power        Failure   Level
 Magic Dart               Conj           #...         65%         1
 Blink                    Tloc           N/A          78%         2
 Call Imp                 Summ           #.......     78%         2
 Slow                     Hex            #.......     78%         2
 Confusing Touch          Hex            #.......     95%         3
 Conjure Flame            Conj/Fire      #.......     95%         3
 Gell's Gravitas          Tloc           #.........   95%         3
 Mephitic Cloud           Conj/Pois/Air  #.......     95%         3
 Petrify                  Tmut/Erth      #.......     100%        4
 Metabolic Englaciation   Hex/Ice        #.........   100%        5
 Yara's Violent Unravell  Hex/Tmut       #.........   100%        5


Dungeon Overview and Level Annotations

Branches:
Dungeon (9/15)             Temple (1/1) D:5
   Lair: D:8-11         Orc: D:9-12

Altars:
Ashenzari
Cheibriados
Dithmenos
Elyvilon
Fedhas
Gozag
Hepliaklqana
Kikubaaqudgha
Makhleb
Nemelex Xobeh
Okawaru
Qazlal
Ru
Trog
Vehumet
Wu Jian
Xom
Yredelemnul
Zin
The Shining One

Shops:
D:6 *

Annotations:
D:5 1 runed translucent door, jasper's ghost, amateur DgEE
D:9 1 runed translucent door, Demosthentine's ghost, novice FoFi


Message History

You hit the white ugly thing.
The white ugly thing is lightly wounded.
The white ugly thing kicks you! The white ugly thing freezes you!!
You completely miss the white ugly thing.
The white ugly thing is lightly wounded.
The white ugly thing misses you.
You barely miss the white ugly thing.
The white ugly thing is lightly wounded.
You puncture the white ugly thing!
The white ugly thing is lightly wounded.
The white ugly thing kicks you. The white ugly thing freezes you!!
* * * LOW HITPOINT WARNING * * *
Items here: )))) [[[[.
Things that are here:
a +0 robe; a +0 dire flail The white ugly thing barely misses you.
The white ugly thing kicks you.
* * * LOW HITPOINT WARNING * * *
The white ugly thing freezes you!!
You die...

..........#####..####
.####.....## #..#
####..###..## #..#
#.......#...###..######
#.......##............#
#<......##.###...####.#
#....[..##.#####..# #.#
#.......##..# #..###.##
#.......###.# #@).##..#
#.>.....# #.## #u#..##.#
#.......# #..# #r##....#
#.......# ##.# #.####..##
######### #.# #.####...###
############.###...r......#
))................#####.###
############..#..## #[#
...# ##.....# #.#


You could see a white ugly thing and a quokka.

Vanquished Creatures
  2 two-headed ogres
  Sigmund (D:5)
  Duvessa (D:5)
  2 orc warriors (D:8)
  An ice beast (D:5)
  A necrophage (D:8)
  4 centaurs
  3 phantoms
  4 ogres
  8 bullfrogs
  Dowan (D:5)
  4 killer bees
  2 scorpions (D:6)
  A howler monkey (D:4)
  9 wights
  5 hounds
  A jelly (D:5)
  4 orc priests
  6 orc wizards
  A gnoll shaman (D:5)
  Jessica (D:3)
  An iguana (D:3)
  3 worker ants
  12 gnolls
  12 adders
  A white imp (D:9)
  An ufetubus (D:5)
  An adder zombie (D:5)
  2 worms
  3 dart slugs
  4 leopard geckos
  20 orcs
  5 bats
  4 giant cockroaches
  7 goblins
  7 hobgoblins
  16 jackals
  2 kobolds (D:1)
  7 quokkas
  2 ball pythons
  3 frilled lizards
  3 leopard gecko skeletons
  A quokka skeleton (D:9)
  A quokka zombie (D:7)
  A rat (D:3)
181 creatures vanquished.

Vanquished Creatures (others)
  A human (D:8)
1 creature vanquished.

Grand Total: 182 creatures vanquished

Notes
Turn   | Place    | Note
-------+----------+-------------------------------------------
     0 | D:1      | voltaire321 the Merfolk Gladiator began the quest for the
                  | Orb.
     0 | D:1      | Reached XP level 1. HP: 16/16 MP: 1/1
   286 | D:1      | Reached XP level 2. HP: 19/23 MP: 2/2
   995 | D:2      | Reached XP level 3. HP: 23/28 MP: 3/3
  1107 | D:2      | Reached skill level 5 in Polearms
  1705 | D:2      | Reached XP level 4. HP: 34/34 MP: 4/4
  2472 | D:3      | Noticed Jessica
  2487 | D:3      | Reached skill level 5 in Dodging
  2487 | D:3      | Reached XP level 5. HP: 40/41 MP: 5/5
  2505 | D:3      | Killed Jessica
  3278 | D:4      | Found a shimmering altar of Xom.
  3347 | D:3      | Reached skill level 6 in Polearms
  3359 | D:3      | Reached XP level 6. HP: 7/48 MP: 6/6
  4385 | D:4      | Reached XP level 7. HP: 52/55 MP: 7/7
  4444 | D:4      | Reached skill level 7 in Polearms
  4860 | D:5      | Entered Level 5 of the Dungeon
  4865 | D:5      | Found a runed translucent door.
  4925 | D:5      | Noticed Dowan
  4932 | D:5      | Noticed Duvessa
  4952 | D:5      | Killed Dowan
  4964 | D:5      | Reached skill level 5 in Fighting
  4984 | D:5      | Killed Duvessa
  4984 | D:5      | Reached XP level 8. HP: 50/62 MP: 8/8
  5306 | D:5      | Found a staircase to the Ecumenical Temple.
  5361 | D:5      | Noticed Sigmund
  5372 | D:5      | Killed Sigmund
  5372 | D:5      | Reached skill level 8 in Polearms
  5372 | D:5      | Reached skill level 5 in Throwing
  5907 | Temple   | Entered the Ecumenical Temple
  6014 | Temple   | Became a worshipper of the Shining One
  6239 | D:5      | Noticed jasper's ghost (amateur DgEE)
  6456 | D:6      | Found Dikhuxto's Desiderata Depot.
  6481 | D:6      | Reached skill level 1 in Invocations
  6527 | D:6      | Reached skill level 9 in Polearms
  6527 | D:6      | Reached XP level 9. HP: 56/70 MP: 8/10
  6665 | D:6      | Found a blossoming altar of Fedhas.
  7218 | D:7      | Reached * piety under the Shining One
  8106 | D:8      | Found an opulent altar of Gozag.
  8144 | D:8      | Reached skill level 10 in Polearms
  8240 | D:8      | Noticed a two-headed ogre
  8256 | D:8      | Killed a two-headed ogre
  8256 | D:8      | Reached XP level 10. HP: 76/79 MP: 11/13
  8364 | D:8      | Found a shadowy altar of Dithmenos.
  8477 | D:8      | Found an ancient bone altar of Kikubaaqudgha.
  8586 | D:8      | Reached ** piety under the Shining One
  9007 | D:9      | Found a runed translucent door.
  9007 | D:9      | Found a shimmering altar of Xom.
  9007 | D:9      | Noticed Demosthentine's ghost (novice FoFi)
  9007 | D:9      | Noticed a +0 trident of chaos
  9030 | D:9      | Noticed a two-headed ogre
  9054 | D:9      | Killed a two-headed ogre
  9054 | D:9      | Reached skill level 11 in Polearms
  9054 | D:9      | Reached skill level 10 in Dodging
  9054 | D:9      | Reached skill level 5 in Invocations
  9579 | D:9      | Noticed a white ugly thing
  9823 | D:8      | Mangled by a white ugly thing

Illustrated notes

Levels and vault maps discovered:
D:1:      giann_forest_graveyard, layout_basic, due_unseen_surprise
D:2:      layout_basic
D:3:      layout_basic, bh_walls_and_bars, uniq_jessica
D:4:      layout_rooms, xom_teletrap_fun
D:5:      layout_loops_ring, minmay_temple_entry_hall,
          ebering_ghost_inner_flame, uniq_sigmund, uniq_duvessa
D:6:      layout_rooms, nicolae_overflow_hidden_temple, nicolae_alphabet_shops
D:7:      layout_basic
D:8:      layout_rooms, lemuel_round_altar, basic_altar, tgw_kikubaaqudgha
D:9:      minmay_s_stair_smasher, layout_loops_cross, old_standard_altar,
          old_standard_altar, ebering_ghost_xom
Temple:   dpeg_five_rooms_temple

Skill      XL: |  1  2  3  4  5  6  7  8  9 10 |
---------------+-------------------------------+-----
Polearms       | 5 6 7 9 10 11 | 11.1
Fighting       | 3 4 5 6 7 8 |  8.2
Throwing       | 3 4 5 6 7 |  7.4
Dodging        | 5 6 7 8 9 10 | 10.1
Invocations    | 1 4 5 |  5.2

Action                   |  1- 3 |  4- 6 |  7- 9 | 10-12 || total
-------------------------+-------+-------+-------+-------++-------
Melee: Trident           |   111 |   250 |   527 |   191 ||  1079
Throw: Boomerang         |       |       |     8 |       ||     8
       Throwing net      |       |       |     1 |       ||     1
  Use: Potion            |       |     2 |     1 |       ||     3
       Scroll            |       |     3 |     8 |       ||    11
 Stab: Sleeping          |     1 |     1 |       |       ||     2
Armor: Leather armour    |    26 |    21 |       |       ||    47
       Ring mail         |       |    41 |   162 |    39 ||   242
Dodge: Dodged            |    61 |   182 |   313 |   122 ||   678

Table legend: (Time is in decaauts)
 A = Elapsed time spent in this place.
 B = Non-inter-level travel time spent in this place.
 C = Inter-level travel time spent in this place.
 D = Time resting spent in this place.
 E = Time spent auto-exploring this place.
 F = Levels seen in this place.
 G = Mean time per level.
                   A        B        C        D        E       F      G
               +--------+--------+--------+--------+--------+-----+--------+
         Total |   9738 |   9583 |    155 |   3611 |   3329 |  10 |  973.8 |
       Dungeon |   9536 |   9415 |    121 |   3611 |   3182 |   9 | 1059.6 |
        Temple |    201 |    167 |     34 |      0 |    147 |   1 |  201.0 |
               +--------+--------+--------+--------+--------+-----+--------+

Top non-repeatable levels by time:
     D:3: 2338 daAuts
     D:8: 1288 daAuts
     D:5: 1185 daAuts
     D:2: 1030 daAuts
     D:6: 887 daAuts
     D:9: 870 daAuts
     D:1: 804 daAuts
     D:4: 701 daAuts
     D:7: 429 daAuts
  Temple: 201 daAuts
